 Dungeon Crawl Stone Soup version 0.22-a0-448-g1fb7470 (webtiles) character file.

20986 MisterFreud the Severer (level 13, 0/94 HPs)
             Began as a Formicid Fighter on June 4, 2018.
             Was the Champion of Okawaru.
             Killed from afar by an ice dragon (32 damage)
             ... with a blast of cold
             ... on level 2 of the Lair of Beasts.
             The game lasted 00:45:34 (13224 turns).

MisterFreud the Severer (Formicid Fighter)         Turns: 13224, Time: 00:45:35

Health: 0/94       AC: 11    Str: 28    XL:     13   Next: 16%
Magic:  16/16      EV: 21    Int: 11    God:    Okawaru [******]
Gold:   930        SH: 13    Dex: 15    Spells: 12/12 levels left

rFire    + . .     SeeInvis +   Q - +2 war axe (elec)
rCold    . . .     Gourm    .   c - +0 shield
rNeg     . . .     Faith    +   b - +0 scale mail
rPois    .         Spirit   .   (helmet unavailable)
rElec    .         Reflect  .   t - scarf {cloud immunity}
rCorr    .         Harm     .   S - +2 pair of gloves
MR       +....                  e - +0 pair of boots
Stlth    +.........             u - amulet of faith
HPRegen  0.25/turn              B - ring of protection from fire
MPRegen  0.15/turn              q - +6 ring of evasion

@: mighty, agile, studying Crossbows, drained
A: permanent stasis, dig shafts and tunnels, four strong arms, antennae 3
a: Dig, Shaft Self, Heroism, Finesse, Renounce Religion


You were on level 2 of the Lair of Beasts.
You worshipped Okawaru.
Okawaru was exalted by your worship.
You were not hungry.

You visited 3 branches of the dungeon, and saw 16 of its levels.
You also visited: Sewer.

You collected 930 gold pieces.

Inventory:

Hand Weapons
 j - a +2 whip of freezing
 F - a +3 battleaxe of freezing
 O - a +3 broad axe of freezing
 Q - a +2 war axe of electrocution (weapon)
 Z - a +6 vampiric broad axe
Missiles
 E - 16 javelins (quivered)
 L - 8 steel javelins
 T - 7 javelins of penetration
 V - 2 throwing nets
Armour
 b - a +0 scale mail (worn)
 c - a +0 shield (worn)
 e - a +0 pair of boots (worn)
 t - a scarf of cloud immunity (worn)
 N - a +2 buckler
 S - a +2 pair of gloves (worn)
Jewellery
 l - an uncursed ring of magical power
 q - a +6 ring of evasion (right hand)
 r - an uncursed ring of flight
 u - an amulet of faith (around neck)
 w - an uncursed amulet of regeneration
 B - a ring of protection from fire (left hand)
 I - an uncursed ring of resist corrosion
Wands
 a - a wand of polymorph (7)
 m - a wand of random effects (36)
 n - a wand of paralysis (17)
 K - a wand of flame (44)
Scrolls
 v - 2 scrolls of enchant weapon
 x - a scroll of magic mapping
 z - a scroll of fear
 D - a scroll of amnesia
 P - 2 scrolls of remove curse
Potions
 d - 2 potions of might
 g - a potion of agility
 h - 8 potions of curing
 i - 2 potions of ambrosia
 k - 5 potions of magic
 p - 4 potions of resistance
 s - 2 potions of cancellation
 A - 3 potions of heal wounds
 C - 4 potions of brilliance
 G - a potion of flight
 M - 2 potions of berserk rage {unknown}
 Y - 3 potions of haste {unknown}
Books
 o - a manual of Crossbows
Comestibles
 f - 31 rations
 H - a chunk of flesh


   Skills:
 + Level 6.5(5.5) Fighting
 - Level 16.0(14.7) Axes
 - Level 6.4(5.4) Armour
 - Level 12.0(10.8) Shields
 - Level 4.3(3.3) Invocations


You had 12 spell levels left.
You didn't know any spells.
Your spell library contained the following spells:

 Spells                   Type           Power        Failure   Level  Hunger
 Apportation              Tloc           #.....       58%         1    ##.....
 Freezing Cloud           Conj/Ice/Air   #.........   100%        6    #######
 Summon Small Mammal      Summ           #...         58%         1    ##.....
 Animate Skeleton         Necr           N/A          58%         1    ##.....
 Deflect Missiles         Chrm/Air       #.........   100%        6    #######
 Confusing Touch          Hex            #.....       58%         1    ##.....
 Infusion                 Chrm           #...         58%         1    ##.....
 Song of Slaying          Chrm           #.......     73%         2    ###....


Dungeon Overview and Level Annotations

Branches:
Dungeon (13/15)            Temple (1/1) D:4            Lair (2/6) D:10
    Orc (0/2) D:10
  Swamp: Lair:2-4    Shoals: Lair:2-4     Snake: Lair:2-4    Spider: Lair:2-4
 Vaults: D:13-14

Altars:
Ashenzari
Dithmenos
Elyvilon
Fedhas
Gozag
Hepliaklqana
Okawaru
Trog
Uskayaw
Wu Jian
Xom
Yredelemnul
Zin

Shops:
D:4 [   D:12 (

Annotations:
D:3 2 transporters


Innate Abilities, Weirdness & Mutations

You cannot be hasted, slowed, berserked, paralysed or teleported.
You can dig through walls and to a lower floor.
Your four strong arms can wield two-handed weapons with a shield.
You have a pair of large antennae on your head. (SInv)


Message History

You destroy incide's ghost!
Okawaru accepts your kill.
Your base Fighting skill increases to level 6!
You see here a porcupine corpse.
You butcher the porcupine corpse.
H - a chunk of flesh A white imp comes into view.
The white imp shouts, "Slither home, thou canting nose-picking bandersnitch!"
You hear a deafening roar!
The white imp gestures at you. You block the puff of frost.
Okay, then.
You feel agile all of a sudden. The ice dragon breathes frost at you.
The blast of cold hits you!
You hear a loud, deep croak!
There is a stone staircase leading down here.
The ice dragon breathes frost at you. The blast of cold hits you!
You die...

#......###P.P###P.# ..#######
#............###### .....#.8.##
#.............## # .........#
#..............####
#r....>.8####...............#..
.#........#.....................
#...##.8.##.....................
.#. #..#.##.PP...................
.%..##......5D..@................
##.#....#######.##.P......[......
#.......# ####.####..........
..##....# ... ..P...#...#
....D.⌠.{≈≈.... ≈≈≈ ..........
....5..≈≈.≈.≈.. ≈≈≈ ......
......≈≈≈≈.≈≈.. ......≈≈....≈≈≈
......≈≈.≈.≈≈≈≈


You could see an ice dragon and a white imp.

Vanquished Creatures
  Snorg (D:11)
  Harold (D:11)
  The ghost of Totori the Grappler, a novice TrCK of Xom (D:10)
  The ghost of incide the Thaumaturge, a journeyman GnSk of Sif Muna (Lair:2)
  3 two-headed ogres
  3 unseen horrors
  An elephant (D:10)
  2 centaur zombies
  A black mamba (Lair:1)
  Joseph (D:7)
  A gargoyle (D:12)
  3 spiny frogs
  A kobold demonologist (D:12)
  A redback zombie (D:8)
  A komodo dragon (Lair:2)
  2 hellwings
  A queen bee (D:9)
  2 trolls (D:11)
  The ghost of opiumtea the Slasher, an amateur MiBe of Trog (D:5)
  A hornet (D:11)
  5 hippogriffs
  A shadow (D:11)
  2 wyverns
  A basilisk (D:11)
  A hungry ghost (D:6)
  A steam dragon (D:12)
  Menkaure (D:7)
  4 porcupines
  2 water moccasins (Lair:2)
  7 ice beasts
  4 orc warriors
  A hornet zombie (D:8)
  A black bear (D:9)
  A phantom (D:7)
  2 sky beasts
  3 ogres
  5 wolves (Lair:2)
  3 necrophages
  3 centaurs
  5 big kobolds
  3 crocodiles
  Blork the orc (D:5)
  2 bullfrogs
  A wyvern zombie (D:8)
  A wyvern skeleton (D:8)
  2 scorpions
  18 killer bees
  2 vampire bats (D:4)
  9 wights
  2 howler monkeys (D:11)
  4 crimson imps
  6 jellies
  A quasit (D:6)
  4 orc priests
  8 hounds
  5 centaur skeletons
  3 iguanas
  Natasha (thrice) (D:2)
  7 orc wizards
  7 worker ants
  A hound skeleton (D:4)
  A worker ant zombie (D:11)
  16 adders
  2 river rats
  7 shadow imps
  4 oozes (Sewer)
  5 dart slugs
  7 worms
  3 leopard geckos
  57 orcs
  7 ball pythons
  10 bats
  7 giant cockroaches
  8 goblins
  5 hobgoblins
  15 jackals
  26 kobolds
  3 quokkas
  4 frilled lizards
  A quokka zombie (D:5)
  13 rats
  A plant (Lair:2)
374 creatures vanquished.

Vanquished Creatures (others)
  A fungus (Lair:2)
  A plant (D:10)
2 creatures vanquished.

Grand Total: 376 creatures vanquished

Notes
Turn   | Place    | Note
-------+----------+-------------------------------------------
     0 | D:1      | MisterFreud the Formicid Fighter began the quest for the Orb.
     0 | D:1      | Reached XP level 1. HP: 18/18 MP: 1/1
   199 | D:1      | Reached XP level 2. HP: 24/24 MP: 2/2
   298 | D:1      | Reached skill level 3 in Axes
   367 | D:1      | Reached XP level 3. HP: 22/29 MP: 3/3
   891 | D:2      | Reached skill level 4 in Axes
   891 | D:2      | Reached XP level 4. HP: 31/35 MP: 4/4
   983 | D:2      | Noticed Natasha
   993 | D:2      | Killed Natasha
  1000 | D:2      | Noticed Natasha
  1233 | D:1      | Reached XP level 5. HP: 38/41 MP: 5/5
  1283 | D:2      | Killed Natasha
  1283 | D:2      | Reached skill level 5 in Axes
  1330 | D:2      | Noticed Natasha
  1339 | D:2      | Killed Natasha
  1692 | D:3      | Reached XP level 6. HP: 47/47 MP: 6/6
  1815 | D:3      | Found a glowing drain.
  1821 | D:3      | Reached skill level 6 in Axes
  1842 | Sewer    | Entered a sewer
  2173 | Sewer    | Reached skill level 7 in Axes
  2173 | Sewer    | Reached XP level 7. HP: 52/52 MP: 7/7
  2512 | D:3      | Found a transporter.
  2527 | D:3      | Found a transporter.
  2731 | D:4      | Found Ruwnelepru's Antique Armour Shop.
  2756 | D:4      | Reached skill level 8 in Axes
  2790 | D:4      | Found a staircase to the Ecumenical Temple.
  2830 | Temple   | Entered the Ecumenical Temple
  2854 | Temple   | Became a worshipper of Warmaster Okawaru
  2925 | D:4      | Found a hazy altar of Hepliaklqana.
  3286 | D:4      | Found the +4 Vampire's Tooth {vamp}
  3286 | D:4      | Reached XP level 8. HP: 58/58 MP: 8/8
  3476 | D:5      | Entered Level 5 of the Dungeon
  3501 | D:5      | Found an ornate altar of the Wu Jian Council.
  3562 | D:5      | Reached skill level 9 in Axes
  3604 | D:5      | Noticed Blork the orc
  3611 | D:5      | Killed Blork the orc
  3788 | D:5      | Noticed opiumtea's ghost (amateur MiBe)
  3801 | D:5      | Killed opiumtea's ghost
  3801 | D:5      | Reached * piety under Okawaru
  3801 | D:5      | Reached skill level 10 in Axes
  3917 | D:5      | Reached XP level 9. HP: 59/64 MP: 11/11
  3926 | D:5      | Reached ** piety under Okawaru
  4677 | D:6      | Identified the Tome of Assistive Cold
  4837 | D:6      | Found a glowing silver altar of Zin.
  5324 | D:6      | Reached skill level 5 in Shields
  5425 | D:7      | Noticed Joseph
  5533 | D:6      | Reached skill level 5 in Armour
  5579 | D:7      | Noticed a hippogriff
  5653 | D:6      | Killed a hippogriff
  5964 | D:7      | Killed Joseph
  5964 | D:7      | Reached *** piety under Okawaru
  6110 | D:7      | Reached XP level 10. HP: 61/70 MP: 13/13
  6300 | D:7      | Noticed Menkaure
  6307 | D:7      | Killed Menkaure
  7007 | D:8      | Reached **** piety under Okawaru
  7009 | D:8      | Reached skill level 11 in Axes
  7146 | D:8      | Noticed a two-headed ogre
  7153 | D:8      | Killed a two-headed ogre
  7153 | D:8      | Reached ***** piety under Okawaru
  7316 | D:8      | Reached skill level 12 in Axes
  7324 | D:8      | Received a gift from Okawaru
  7373 | D:8      | Reached XP level 11. HP: 59/75 MP: 14/14
  7755 | D:8      | Reached skill level 13 in Axes
  7820 | D:8      | You fall through a shaft for 2 floors!
  7820 | D:10     | Entered Level 10 of the Dungeon
  7933 | D:10     | Found a staircase to the Lair.
  7933 | D:10     | Noticed an elephant
  7962 | D:11     | Noticed an unseen horror
  7970 | D:11     | Killed an unseen horror
  8082 | D:11     | Noticed Harold
  8138 | D:11     | Killed Harold
  8293 | D:11     | Reached skill level 14 in Axes
  8350 | D:11     | Received a gift from Okawaru
  8648 | D:11     | Noticed Snorg
  8675 | D:11     | Killed Snorg
  8675 | D:11     | Received a gift from Okawaru
  9291 | D:12     | Noticed a two-headed ogre
  9297 | D:12     | Killed a two-headed ogre
  9297 | D:12     | Received a gift from Okawaru
  9335 | D:12     | Reached skill level 15 in Axes
  9345 | D:12     | Noticed an unseen horror
  9355 | D:12     | Reached XP level 12. HP: 64/81 MP: 12/15
  9355 | D:12     | Killed an unseen horror
  9396 | D:12     | Noticed an unseen horror
  9400 | D:12     | Killed an unseen horror
  9422 | D:12     | Noticed a two-headed ogre
  9424 | D:12     | Found Echueg's Weapon Shoppe.
  9425 | D:12     | Noticed a two-headed ogre
  9433 | D:12     | Killed a two-headed ogre
  9638 | D:10     | You fall through a shaft for 3 floors!
  9678 | D:12     | Reached ****** piety under Okawaru
  9761 | D:10     | Reached skill level 16 in Axes
  9786 | D:10     | Noticed Totori's ghost (novice TrCK)
  9816 | D:11     | Received a gift from Okawaru
  9927 | D:10     | Killed Totori's ghost
 10278 | D:10     | Found a staircase to the Orcish Mines.
 10467 | D:10     | Reached skill level 10 in Shields
 10991 | D:9      | Found a shadowy altar of Dithmenos.
 11385 | D:8      | Found a white marble altar of Elyvilon.
 11400 | D:8      | Found a white marble altar of Elyvilon.
 11985 | Lair:1   | Entered Level 1 of the Lair of Beasts
 11989 | Lair:1   | Noticed an eight-headed hydra
 11993 | Lair:1   | Received a gift from Okawaru
 12133 | Lair:1   | You fall through a shaft!
 12645 | Lair:1   | You fall through a shaft!
 12671 | Lair:2   | Reached XP level 13. HP: 62/88 MP: 16/16
 12925 | Lair:2   | Reached skill level 5 in Fighting
 13154 | Lair:2   | Noticed incide's ghost (journeyman GnSk)
 13160 | Lair:2   | Noticed an ice dragon
 13195 | Lair:2   | Killed incide's ghost
 13224 | Lair:2   | Killed from afar by an ice dragon

Vault maps used:
D:1:      dpeg_arrival_houses_and_road
D:2:      uniq_natasha
D:3:      gammafunk_steamed_eel, portal_sewer_entry_a
D:4:      marbit_many_paths, minmay_temple_entry_glassed_door, serial_shops,
          shop, minmay_guarded_unrand_vampires_tooth
D:5:      basic_altar, first_ration, uniq_blork_the_orc
D:6:      serial_corexii_hall, corexii_hall_statues_x, corexii_hall_statues_s,
          basic_altar, kennysheep_small_square
D:7:      enter_bailey_3, fountainhead, uniq_menkaure, uniq_joseph
D:8:      cheibrodos_grave_circle, kennysheep_mini, david_nohive_1, minivault_5,
          elyvilon_altar_3
D:9:      special_room, roderic_roman_lattice, minmay_misc_feat_diagonals,
          grunt_dithmenos_smoke
D:10:     david_lair_generic, orc_0_dummy
D:11:     uniq_snorg, uniq_harold
D:12:     serial_shops, nicolae_shop_competitors_out_of_business
D:13:     serial_ice, serial_ice_b, serial_ice_l, serial_ice_d, serial_ice_g,
          serial_ice_e, serial_ice_f
Temple:   regret_index_temple_chain_breaker
Lair:1:   grunt_megastairs_4
Lair:2:   ice2_lemuel, grunt_megastairs_2, serial_bayou_shore_a
Sewer:    sewer_co_tree

Skill      XL: |  1  2  3  4  5  6  7  8  9 10 11 12 13 |
---------------+----------------------------------------+-----
Axes           | 3 4 5 7 8 10 12 15 16 | 16.0
Invocations    | 3 4 |  4.3
Shields        | 7 8 12 | 12.0
Armour         | 6 |  6.4
Fighting       | 4 6 |  6.5

Action                   |  1- 3 |  4- 6 |  7- 9 | 10-12 | 13-15 || total
-------------------------+-------+-------+-------+-------+-------++-------
Melee: War axe           |   116 |   163 |    98 |   399 |    68 ||   844
       Battleaxe         |       |       |   194 |   186 |       ||   380
Throw: Stone             |       |     2 |       |       |       ||     2
Invok: Heroism           |       |       |       |     8 |     1 ||     9
 Abil: Dig               |       |       |     2 |     2 |     1 ||     5
       Shaft Self        |       |       |       |     2 |       ||     2
  Use: Scroll            |       |       |     5 |    17 |     1 ||    23
       Potion            |       |       |     2 |     2 |     2 ||     6
  Eat: Chunk             |       |     5 |    12 |    21 |       ||    38
       Ration            |       |       |     1 |       |     1 ||     2
Armor: Scale mail        |    47 |    44 |    75 |   110 |     7 ||   283
Dodge: Dodged            |    45 |    55 |   131 |   280 |    12 ||   523
Block: Shield            |    63 |    81 |   149 |   320 |    21 ||   634

Table legend:
 A = Spawn XP
 B = Non-spawn XP
 C = Spawn XP percentage of total XP
 D = Spawn monster count
 E = Non-spawn monster count
 F = Spawn count percentage of total count
 G = Total turns spent on level
                    A         B        C        D         E        F      G
               +---------+---------+-------+---------+---------+-------+---------
         Total |       0 |   29981 |   0.0 |       0 |     373 |   0.0 | 13224
               +---------+---------+-------+---------+---------+-------+---------
           D:1 |       0 |      81 |   0.0 |       0 |      31 |   0.0 |  1129
           D:2 |       0 |     178 |   0.0 |       0 |      22 |   0.0 |   542
           D:3 |       0 |      96 |   0.0 |       0 |      30 |   0.0 |   484
           D:4 |       0 |     285 |   0.0 |       0 |      20 |   0.0 |   700
           D:5 |       0 |    1205 |   0.0 |       0 |      21 |   0.0 |  1141
           D:6 |       0 |     780 |   0.0 |       0 |      13 |   0.0 |  1048
           D:7 |       0 |    1902 |   0.0 |       0 |      28 |   0.0 |  1554
           D:8 |       0 |    4202 |   0.0 |       0 |      35 |   0.0 |  1186
           D:9 |       0 |    2555 |   0.0 |       0 |      63 |   0.0 |   867
          D:10 |       0 |    2915 |   0.0 |       0 |      14 |   0.0 |   962
          D:11 |       0 |    5208 |   0.0 |       0 |      21 |   0.0 |  1497
          D:12 |       0 |    5093 |   0.0 |       0 |      25 |   0.0 |   377
        Lair:1 |       0 |    1540 |   0.0 |       0 |       5 |   0.0 |   522
        Lair:2 |       0 |    3472 |   0.0 |       0 |      17 |   0.0 |   585
         Sewer |       0 |     469 |   0.0 |       0 |      28 |   0.0 |   576
               +---------+---------+-------+---------+---------+-------+---------
